 Dungeon Crawl Stone Soup version 0.29-a0-222-g5b244fca1f (webtiles) character file.

Game seed: 17599946056420449701

196 Hasart the Bolt Thrower (level 5, 0/42 HPs)
             Began as a Demigod Hunter on Feb 27, 2022.
             Slain by Pikel
             ... wielding a +2 whip of flaming
              (3 damage)
             ... on level 4 of the Dungeon.
             The game lasted 00:07:18 (4357 turns).

Hasart the Bolt Thrower (Demigod Hunter)            Turns: 4357, Time: 00:07:18

Health: 0/42       AC:  4    Str:  9    XL:     5   Next: 21%
Magic:  7/7        EV: 13    Int: 13    God:
Gold:   175        SH:  0    Dex: 21    Spells: 4/4 levels left

rFire   . . .      SeeInvis .   a - +1 hand crossbow
rCold   . . .      Faith    .   (no shield)
rNeg    + + .      Spirit   .   h - +1 robe of Catatonia {rN++ Str-4 Dex+3}
rPois   .          Reflect  .   (no helmet)
rElec   .          Harm     .   (no cloak)
rCorr   .          Rampage  .   k - +0 pair of gloves
Will    .....                   (no boots)
Stlth   ++........              (no amulet)
HPRegen 0.14/turn               (no ring)
MPRegen 0.10/turn               (no ring)

@: no status effects
A: high MP 1, forlorn, divine attributes
a: no special abilities


You were on level 4 of the Dungeon.
You visited 1 branch of the dungeon, and saw 4 of its levels.

You collected 175 gold pieces.

Inventory:

Hand Weapons
 a - a +1 hand crossbow (weapon)
Armour
 b - a +0 leather armour
 h - the +1 robe of Catatonia (worn) {rN++ Str-4 Dex+3}
   (You found it on level 2 of the Dungeon)

   Str:       It affects your strength (-4).
   Dex:       It affects your dexterity (+3).
   rN:        It greatly protects you from negative energy.
 k - a +0 pair of gloves (worn)
Scrolls
 c - 4 scrolls of blinking {unknown}
 d - 4 scrolls of identify {unknown}
 e - 2 scrolls of enchant armour {unknown}
 g - a scroll of enchant weapon {unknown}
 i - a scroll of acquirement {unknown}
 n - a scroll of teleportation {unknown}
 p - a scroll of holy word {unknown}
Potions
 f - 2 potions of heal wounds {unknown}
 j - a potion of curing {unknown}
 l - a potion of berserk rage {unknown}
 m - a potion of haste {unknown}
 o - a potion of lignification {unknown}
 q - a potion of might {unknown}


   Skills:
 + Level 2.7 Fighting
 * Level 4.8 Crossbows
 + Level 2.8 Dodging
 + Level 2.4 Stealth


You had 4 spell levels left.
You didn't know any spells.
Your spell library contained the following spells:

 Spells                   Type           Power      Damage    Failure   Level
 Summon Small Mammal      Summ           0%         N/A       30%         1
 Ignite Poison            Fire/Tmut/Pois 0%         N/A       67%         3
 Tukima's Dance           Hex            0%         N/A       67%         3
 Metabolic Englaciation   Hex/Ice        0%         N/A       100%        5


Dungeon Overview and Level Annotations

Branches:
Dungeon (4/15)
 Temple: D:4-7

Annotations:
D:2 1 runed translucent door, Crazy Yiuf
D:4 Pikel


Innate Abilities, Weirdness & Mutations

You have an increased reservoir of magic. (+10% MP)
You shall have no god before yourself.
Your divine heritage dramatically boosts your attributes as you level up.


Message History

You shoot a bolt. The bolt closely misses Pikel.
You shoot a bolt. The bolt misses Pikel.
There is an open door here.
Shoot: a) +1 hand crossbow
Press: ? - help, Q - select action Shift-Dir - straight line, f/p - Pikel
Aim: Pikel, wielding a +2 whip of flaming and wearing a +0 robe (61% to hit)
Okay, then.
Shoot: a) +1 hand crossbow
Press: ? - help, Q - select action Shift-Dir - straight line, f/p - Pikel
Aim: Pikel, wielding a +2 whip of flaming and wearing a +0 robe (61% to hit)
You shoot a bolt. The bolt barely misses Pikel.
Pikel barely misses you. Pikel closely misses you.
Unknown command.
Shoot: a) +1 hand crossbow
Press: ? - help, Q - select action Shift-Dir - straight line, f/p - Pikel
Aim: Pikel, wielding a +2 whip of flaming and wearing a +0 robe (61% to hit)
You shoot a bolt. The bolt hits Pikel.
Pikel is lightly wounded.
Pikel hits you with a +2 whip of flaming!
Pikel burns you.
Shoot: a) +1 hand crossbow
Press: ? - help, Q - select action Shift-Dir - straight line, f/p - Pikel
Aim: Pikel, wielding a +2 whip of flaming and wearing a +0 robe (lightly wounded, 61% to hit)
You shoot a bolt. The bolt closely misses Pikel.
The bolt hits the lemure but does no damage.
Pikel hits you with a +2 whip of flaming!
Pikel burns you.
Unknown command.
Shoot: a) +1 hand crossbow
Press: ? - help, Q - select action Shift-Dir - straight line, f/p - Pikel
Aim: Pikel, wielding a +2 whip of flaming and wearing a +0 robe (lightly wounded, 61% to hit)
You shoot a bolt. The bolt hits Pikel.
Pikel is lightly wounded.
Pikel hits you with a +2 whip of flaming.
Pikel burns you.
* * * LOW HITPOINT WARNING * * *
Pikel hits you with a +2 whip of flaming!
* * * LOW HITPOINT WARNING * * *
Pikel burns you.
You die...

..#.####.# #.#.......####
.....###.# #.#.......####
#.....##.######## #.........##..
................## ###.......##.#
#...####.#####..[## #.......##.#
#...# #.# #.###<# #.......##.#
#...####.# #.# #<# #.......##.#
.........# #.###.# ####.#####.#
.....##### #.5K@## #.# #.#
#.....## #.#### #.### #..
.......## ##.## #.#.#####
........####...##########....####
........'.......................'
........####...##########....####
.......## ##.## ##.....## #
#.....## ##.### ##......##
##...## #....# #........#


You could see Pikel and a lemure.

Vanquished Creatures
  3 lemures
  2 hounds (D:4)
  4 gnolls
  3 adders
  2 worms (D:4)
  A dart slug (D:2)
  4 orcs (D:4)
  2 bats
  6 endoplasms
  2 giant cockroaches
  8 goblins
  6 hobgoblins
  4 kobolds
  2 quokkas
  4 ball pythons
  4 frilled lizards
  6 rats
63 creatures vanquished.

Notes
Turn   | Place    | Note
-------+----------+-------------------------------------------
     0 | D:1      | Hasart the Demigod Hunter began the quest for the Orb.
     0 | D:1      | Reached XP level 1. HP: 17/17 MP: 3/3
    61 | D:1      | Reached skill level 1 in Stealth
   344 | D:1      | Reached XP level 2. HP: 24/24 MP: 4/4
   438 | D:1      | Got Plato's Almanac of Creation
   660 | D:2      | Found a runed translucent door.
   661 | D:2      | Noticed Crazy Yiuf
   748 | D:2      | Reached skill level 4 in Crossbows
   934 | D:2      | Identified the +1 robe of Catatonia {rN++ Str-4 Dex+3}
   992 | D:2      | Reached XP level 3. HP: 29/29 MP: 5/5
  1100 | D:2      | Got the Catalogue of Bewitching Heat
  1623 | D:2      | HP: 1/29 [gnoll/+0 whip (4)]
  2221 | D:3      | Reached XP level 4. HP: 37/37 MP: 6/6
  2598 | D:4      | Noticed a lemure
  2600 | D:4      | Noticed a lemure
  2600 | D:4      | Noticed Pikel
  2601 | D:4      | Noticed a lemure
  2601 | D:4      | Noticed a lemure
  2611 | D:3      | Killed a lemure
  2885 | D:4      | Killed a lemure
  2986 | D:4      | Noticed an ogre
  3039 | D:3      | Killed a lemure
  3970 | D:4      | Reached XP level 5. HP: 19/42 MP: 7/7
  4357 | D:4      | Slain by Pikel

Illustrated notes

Levels and vault maps discovered:
D:1:      dpeg_arrival_three_bigger_balls, layout_rooms,
          shapermc_ecumenical_altar_rom_forum
D:2:      layout_loops_ring, basic_altar, uniq_crazy_yiuf_cottage
D:3:      layout_basic, minitemple, fountainhead
D:4:      layout_loops_corners, uniq_pikel

Skill      XL: |  1  2  3  4 |
---------------+-------------+-----
Stealth        | 1 2 |  2.4
Dodging        | 2 |  2.8
Fighting       | 2 |  2.7
Crossbows      | 4 |  4.8

Action                   |  1- 3 |  4- 6 || total
-------------------------+-------+-------++-------
 Fire: Hand crossbow     |    91 |   135 ||   226
Armor: Leather armour    |     7 |       ||     7
       Robe              |     2 |    13 ||    15
Dodge: Dodged            |    33 |    54 ||    87

Table legend: (Time is in decaauts)
 A = Elapsed time spent in this place.
 B = Non-inter-level travel time spent in this place.
 C = Inter-level travel time spent in this place.
 D = Time resting spent in this place.
 E = Time spent auto-exploring this place.
 F = Levels seen in this place.
 G = Mean time per level.
                   A        B        C        D        E       F      G
               +--------+--------+--------+--------+--------+-----+--------+
         Total |   4431 |   4172 |    259 |    895 |   2584 |   4 | 1107.8 |
       Dungeon |   4431 |   4172 |    259 |    895 |   2584 |   4 | 1107.8 |
               +--------+--------+--------+--------+--------+-----+--------+

Top non-repeatable levels by time:
     D:2: 1483 daAuts
     D:4: 1168 daAuts
     D:3: 1124 daAuts
     D:1: 654 daAuts
